 Dungeon Crawl Stone Soup version 0.28-a0-821-g923ab73998 (webtiles) character file.

Game seed: 9386842964174312955

585 Fenrisus the Changer (level 7, -4/46 HPs)
             Began as an Octopode Transmuter on Nov 9, 2021.
             Was an Initiate of Makhleb.
             Slain by a killer bee (5 damage)
             ... on level 5 of the Dungeon.
             The game lasted 00:31:06 (6811 turns).

Fenrisus the Changer (Octopode Transmuter)          Turns: 6811, Time: 00:31:07

Health: -4/46      AC:  1    Str: 11    XL:     7   Next: 37%
Magic:  12/12      EV: 11    Int: 15    God:    Makhleb [......]
Gold:   191        SH:  7    Dex: 13    Spells: 9/12 levels left

rFire   . . .      SeeInvis .   f - +1 hand axe (elec)
rCold   . . .      Faith    .   c - +0 kite shield
rNeg    . . .      Spirit   .   (helmet currently unavailable)
rPois   .          Reflect  .   (no amulet)
rElec   .          Harm     .   (no ring)
rCorr   .          Rampage  .   (no ring)
Will    .....                   (no ring)
Stlth   ++........              (no ring)
HPRegen 0.15/turn               (no ring)
MPRegen 0.13/turn               (no ring)
                                (no ring)
                                (no ring)

@: lethally poisoned (-4 -> -10), appendages
A: tentacle spike 3, almost no armour, amphibious, 8 rings, camouflage 1,
gelatinous body 1, (nimble swimmer 1), tentacles
a: End Transformation, Renounce Religion


You were on level 5 of the Dungeon.
You worshipped Makhleb.
Makhleb was noncommittal.
One of your tentacles had grown a beastly spike.
You visited 2 branches of the dungeon, and saw 6 of its levels.

You collected 191 gold pieces.

Inventory:

Hand Weapons
 b - a +3 dagger
 f - a +1 hand axe of electrocution (weapon)
Armour
 c - a +0 kite shield (worn)
Wands
 d - a wand of charming (8) (quivered)
Potions
 a - a potion of cancellation
 e - a potion of attraction
 g - a potion of berserk rage
 h - a potion of lignification {unknown}


   Skills:
 + Level 3.1 Fighting
 + Level 3.5 Dodging
 + Level 4.2 Unarmed Combat
 + Level 3.4 Spellcasting
 * Level 4.8 Transmutations


You had 9 spell levels left.
You knew the following spells:

 Your Spells              Type           Power      Damage    Failure   Level
a - Beastly Appendage     Tmut           34%        N/A       19%         1
b - Wereblood             Tmut           17%        N/A       28%         2

Your spell library contained the following spells:

 Spells                   Type           Power      Damage    Failure   Level
 Shock                    Conj/Air       8%         1d3       80%         1
 Spider Form              Tmut/Pois      9%         N/A       83%         3
 Gell's Gravitas          Tloc           2%         N/A       99%         3
 Swiftness                Air            2%         N/A       99%         3
 Teleport Other           Tloc           2%         N/A       99%         3
 Ice Form                 Ice/Tmut       9%         N/A       99%         4
 Airstrike                Air            1%         N/A       100%        4
 Dispersal                Tloc           1%         N/A       100%        6


Dungeon Overview and Level Annotations

Branches:
Dungeon (5/15)             Temple (1/1) D:5

Altars:
Ashenzari
Cheibriados
Dithmenos
Elyvilon
Fedhas
Hepliaklqana
Kikubaaqudgha
Makhleb
Nemelex Xobeh
Qazlal
Sif Muna
Trog
Uskayaw
Wu Jian
Xom
Yredelemnul
Zin
The Shining One


Innate Abilities, Weirdness & Mutations

One of your tentacles has grown a beastly spike.
You cannot wear most types of armour.
You are amphibious.
You can wear up to eight rings at the same time.
Your skin changes colour to match your surroundings (Stealth+).
Your rubbery body absorbs attacks. (AC +1, EV +1)
((You are camouflaged near water. (Stealth+)))
You have tentacles for arms and can constrict up to eight enemies at once.


Message History

i - a scarf of shadows Your transformation is almost over.
Your tentacle spike disappears.
There are no items here.
You can't wear that!
You drop a scarf of shadows.
Casting: Beastly Appendage (safe; 19% risk of failure)
Confirm with . or Enter, or press ? or * to list all spells.
One of your tentacles grows a vicious spike.
The killer bee buzzes angrily.
You hear an angry buzzing noise.
You hear a shout!
A killer bee comes into view.
The killer bee closely misses you. The killer bee stings you.
You hit the killer bee but do no damage.
Your grab misses the killer bee.
Your tentacle spike misses the killer bee.
Your squeeze misses the killer bee. The killer bee misses you.
The killer bee closely misses you. The killer bee stings you.
You are poisoned.
The killer bee poisons you!
You hit the killer bee. Your grab misses the killer bee.
The killer bee is lightly wounded.
You feel very sick. The killer bee stings you! The killer bee stings you.
You are more poisoned.
The killer bee poisons you! The killer bee barely misses you.
You miss the killer bee. Your grab misses the killer bee.
You pierce the killer bee.
The killer bee is heavily wounded.
You feel very sick. The killer bee stings you!
* * * LOW HITPOINT WARNING * * *
You block the killer bee's attack. x2
Unknown command.
* * * LOW HITPOINT WARNING * * *
You feel very sick. The killer bee barely misses you.
* * * LOW HITPOINT WARNING * * *
You feel sick. The killer bee stings you.
You die...

#.#.#...###.##......#
#...#. #.#.#...#
#.##......# #.#.#.
#.#.#.(.# #.##......#
#.#..# #.#.#...#
#.##......# #.##.# ##
#.#.##### #.##......# #.#
.#..# #.#.#
#.##......###.##..# #.#.#
.##............#.# ....#
####.######.####.### .#
#.#... ........y@..†....#
..# #.#
####.####....########..##
..# #...>.()........# #.#
#...............# #.#
#...............# # #
#...............# .
#...............## #
#................. #
#....)............


You could see a killer bee.

Vanquished Creatures
  A water moccasin (D:5)
  An ogre (D:4)
  A killer bee (D:5)
  A jelly (D:5)
  Jessica (D:2)
  4 iguanas
  An orc wizard (D:5)
  Robin (D:2)
  4 adders
  3 worms
  6 dart slugs
  7 orcs
  6 ball pythons
  8 endoplasms
  5 giant cockroaches
  15 goblins
  13 hobgoblins
  8 kobolds
  2 quokkas
  6 bats
  3 frilled lizards
  5 rats
102 creatures vanquished.

Notes
Turn   | Place    | Note
-------+----------+-------------------------------------------
     0 | D:1      | Fenrisus the Octopode Transmuter began the quest for the
                  | Orb.
     0 | D:1      | Reached XP level 1. HP: 13/13 MP: 3/3
   215 | D:1      | Reached XP level 2. HP: 17/18 MP: 5/5
   717 | D:1      | Found a faded altar of an unknown god.
   747 | D:1      | Prayed at the altar of an unknown god.
   747 | D:1      | Became a worshipper of Qazlal Stormbringer
   747 | D:1      | Reached * piety under Qazlal
   788 | D:1      | Reached XP level 3. HP: 15/23 MP: 4/6
  1596 | D:2      | Noticed Jessica
  2045 | D:2      | Found an ancient bone altar of Kikubaaqudgha.
  2310 | D:2      | Reached ** piety under Qazlal
  2313 | D:2      | Reached XP level 4. HP: 27/29 MP: 5/7
  2314 | D:2      | Noticed Robin
  2317 | D:2      | Killed Robin
  2560 | D:2      | Killed Jessica
  2756 | D:2      | Reached XP level 5. HP: 34/34 MP: 6/8
  2997 | D:2      | Learned a level 2 spell: Wereblood
  3466 | D:3      | Found a hide-covered altar of Uskayaw.
  4134 | D:4      | HP: 1/34 [iguana (8)]
  4634 | D:4      | Noticed an ogre
  4878 | D:4      | Killed an ogre
  4879 | D:4      | Reached XP level 6. HP: 11/41 MP: 8/10
  5372 | D:4      | Found a blossoming altar of Fedhas.
  5580 | D:5      | Entered Level 5 of the Dungeon
  5803 | D:5      | Noticed a water moccasin
  5807 | D:5      | Killed a water moccasin
  5808 | D:5      | Reached XP level 7. HP: 39/46 MP: 9/12
  5823 | D:5      | HP: 1/46 [acid (8)]
  6225 | D:5      | Found a staircase to the Ecumenical Temple.
  6251 | Temple   | Entered the Ecumenical Temple
  6431 | Temple   | Fell from the grace of Qazlal
  6431 | Temple   | Became a worshipper of Makhleb the Destroyer
  6811 | D:5      | HP: 1/46 [poisoned by a killer bee]
  6811 | D:5      | Slain by a killer bee

Illustrated notes

Levels and vault maps discovered:
D:1:      nzn_arrival_water_spiral, layout_loops_ring,
          hellmonk_ecumenical_altar_pennies_from_heaven, serial_glass,
          glass_columns_b, glass_columns_b, hangedman_decor_points,
          chequers_avenue, minmay_pentomino_p4
D:2:      layout_rooms, basic_altar, uniq_jessica, uniq_robin
D:3:      layout_basic, eat_drink_and_be_merry_uskayaw, st_stairs_12
D:4:      layout_rooms, mainiacjoe_overflow_boulevard
D:5:      layout_basic, temple_statues, minivault_19
Temple:   regret_index_temple_sphere_string

Skill      XL: |  1  2  3  4  5  6 |
---------------+-------------------+-----
Transmutations | 3 4 |  4.8
Fighting       | 2 3 |  3.1
Dodging        | 3 |  3.5
Spellcasting   | 3 |  3.4
Unarmed Combat | 4 |  4.2

Action                   |  1- 3 |  4- 6 |  7- 9 || total
-------------------------+-------+-------+-------++-------
Melee: Unarmed           |    83 |    37 |       ||   120
       Constrict         |    24 |    35 |     1 ||    60
       Kick              |    16 |    22 |     4 ||    42
       Tentacles         |    15 |    28 |     1 ||    44
       Punch             |     2 |     3 |     1 ||     6
       Dagger            |       |    60 |       ||    60
       Hand axe          |       |    18 |    17 ||    35
 Cast: Beastly Appendage |    21 |    27 |     6 ||    54
Invok: Upheaval          |       |     1 |       ||     1
  Use: Scroll            |     3 |     4 |     1 ||     8
 Stab: Sleeping          |     3 |       |       ||     3
Armor: Skin              |     7 |     6 |       ||    13
Dodge: Dodged            |    27 |    63 |    13 ||   103
Block: Kite shield       |    12 |    53 |    10 ||    75

Table legend: (Time is in decaauts)
 A = Elapsed time spent in this place.
 B = Non-inter-level travel time spent in this place.
 C = Inter-level travel time spent in this place.
 D = Time resting spent in this place.
 E = Time spent auto-exploring this place.
 F = Levels seen in this place.
 G = Mean time per level.
                   A        B        C        D        E       F      G
               +--------+--------+--------+--------+--------+-----+--------+
         Total |   6870 |   4199 |   2671 |   3184 |      0 |   6 | 1145.0 |
       Dungeon |   6596 |   4193 |   2403 |   3184 |      0 |   5 | 1319.2 |
        Temple |    273 |      5 |    268 |      0 |      0 |   1 |  273.0 |
               +--------+--------+--------+--------+--------+-----+--------+

Top non-repeatable levels by time:
     D:1: 1787 daAuts
     D:2: 1576 daAuts
     D:3: 1498 daAuts
     D:4: 901 daAuts
     D:5: 833 daAuts
  Temple: 273 daAuts
